[Event "*** Titled Tuesday Blitz"]
[Site "Chess.com"]
[Date "2019.06.04"]
[Round "3"]
[White "yuki_chess123"]
[Black "orrbaverlekszarnyon"]
[Result "1-0"]
[WhiteElo "2161"]
[BlackElo "2224"]
[TimeControl "180+2"]
[EndTime "13:36:31 PDT"]
[Termination "yuki_chess123 won by checkmate"]

1. e4 c5 2. Nf3 d6 3. Bb5+ Bd7 4. Bxd7+ Qxd7 5. O-O Nc6 6. c3 g6 7. d4 cxd4 8. cxd4 Bg7 9. Nc3 Nf6 10. d5 Ne5 11.
Nxe5 dxe5 12. a4 O-O 13. f3 e6 14. Bg5 exd5 15. Bxf6 Bxf6 16. Nxd5 Qe6 17. Qb3 Bd8 18. a5 b6 19. a6 Rc8 20. Rac1 Bg5 21. Rc3 Rxc3 22.
bxc3 Rc8 23. Kh1 Kg7 24. Qb2 Qc6 25. g3 Qc4 26. Kg2 Qxa6 27. f4 exf4 28. c4+ Kg8 29.
gxf4 Bd8 30. Qe5 Qxc4 31. f5 Qe2+ 32. Kg1 Bg5 33. Qg3 h6 34. fxg6 fxg6 35. Ne7+ Kg7 36.
Qe5+ Bf6 37. Qxf6+ Kh7 38. Qf7+ Kh8 39. Nxg6# 1-0

[Event "*** Titled Tuesday Blitz"]
[Site "Chess.com"]
[Date "2019.06.04"]
[Round "3"]
[White "LonesomeGeorge1"]
[Black "GameOverBro"]
[Result "1-0"]
[WhiteElo "2366"]
[BlackElo "2460"]
[TimeControl "180+2"]
[EndTime "13:36:31 PDT"]
[Termination "LonesomeGeorge1 won by checkmate"]

1. e4 c5 2. Nf3 e6 3. b3 Nc6 4.
Bb2 Nf6 5. e5 Nd5 6. c4 Nc7 7.
Bd3 d5 8. exd6 Qxd6 9. Be4 f5 10. Bxc6+ Qxc6 11. d4 cxd4 12. Qxd4 Qd6 13. Qe3 Qb6 14. Bd4 Qa5+ 15. Nc3 Bb4 16. O-O O-O 17. a3 Be7 18.
Be5 Na6 19. b4 Qd8 20. Rad1 Qe8 21. Rfe1 Nb8 22. b5 Nd7 23. Bd4 Nb6 24. c5 Nc4 25.
Qd3 Na5 26. a4 Qh5 27. Ne2 h6 28. Nf4 Qf7 29. Ne5 Qe8 30. Qc3 b6 31. c6 Bf6 32.
Ned3 a6 33. Bxf6 gxf6 34. Re3 e5 35. Ng6 Rf7 36. Ndxe5 fxe5 37. Rxe5 Be6 38. Rxe6 Qxe6 39. Qh8# 1-0

[Event "*** Titled Tuesday Blitz"]
[Site "Chess.com"]
[Date "2019.06.04"]
[Round "3"]
[White "DiogenesSinopeus"]
[Black "FrenchMonster2002"]
[Result "0-1"]
[WhiteElo "2425"]
[BlackElo "2366"]
[TimeControl "180+2"]
[EndTime "13:36:32 PDT"]
[Termination "FrenchMonster2002 won by resignation"]

1. d4 Nf6 2. c4 g6 3. Nc3 Bg7 4. e4 d6 5. Nf3 O-O 6. Be2 Na6 7.
Bf4 Nh5 8. Be3 e5 9. O-O Qe8 10. Re1 c6 11. h3 f5 12. c5 f4 13. Bc1 exd4 14. Nxd4 Nxc5 15. b4 Nxe4 16. Bxh5 Nxc3 17. Qb3+ Qf7 18. Qxc3 gxh5 19. Bb2 f3 20. g3 Bxh3 21. Re3 Rae8 22. Rae1 Rxe3 23. Qxe3 Be5 24. Kh2 Bd7 25. Kg1 Qg6 26. Nxf3 Bxb2 27. Nh4 Qf6 28. Qb3+ d5 29. Qe3 Bd4 30. Qe2 Bxf2+ 0-1

[Event "*** Titled Tuesday Blitz"]
[Site "Chess.com"]
[Date "2019.06.04"]
[Round "3"]
[White "x-5963514717"]
[Black "FrenchandSlav"]
[Result "1-0"]
[WhiteElo "2481"]
[BlackElo "2325"]
[TimeControl "180+2"]
[EndTime "13:36:33 PDT"]
[Termination "x-5963514717 won by resignation"]

1. Nf3 d5 2. g3 Nf6 3. Bg2 c5 4. O-O e6 5. d4 cxd4 6. Nxd4 e5 7. Nb3 Be7 8. Bg5 Be6 9. Nc3 Nbd7 10. f4 h6 11.
Bxf6 Nxf6 12. fxe5 Ng4 13. Nxd5 O-O 14. Qd4 Bxd5 15.
Qxd5 Qxd5 16. Bxd5 Ne3 17. Bxb7 Rab8 18. Rf3 Nxc2 19.
Rc1 Nb4 20. Rc7 Bd8 21. Rd7 Bb6+ 22. Kg2 Rbd8 23. Rxd8 Rxd8 24. a4 a5 25. Rc3 g6 26.
Rc4 Kg7 27. Be4 Re8 28. Nc5 Rxe5 29. Nd7 Re6 30. Nxb6 Rxb6 31. Rc5 Na2 32. Rb5 Re6 33. Bd3 Nb4 34. Kf3 Nc6 35. Kf2 Nd4 36. Rxa5 Rf6+ 37. Ke3 Nc6 38. Rc5 Re6+ 39. Kd2 Nb4 40. Kc3 Nc6 41.
b4 Ne5 42. a5 Nd7 43. Rc7 Nf6 44. Bc4 Re3+ 45. Kd4 Re4+ 46. Kc5 Re5+ 47. Kd6 1-0

[Event "*** Titled Tuesday Blitz"]
[Site "Chess.com"]
[Date "2019.06.04"]
[Round "3"]
[White "nrvisakh"]
[Black "Lagmantr"]
[Result "1-0"]
[WhiteElo "2746"]
[BlackElo "2562"]
[TimeControl "180+2"]
[EndTime "13:36:36 PDT"]
[Termination "nrvisakh won by resignation"]

1. e4 c5 2. Nf3 Nc6 3. Bb5 g5 4. Bxc6 dxc6 5. Nxg5 Nf6 6. e5 Rg8 7. d3 Ng4 8. e6 Bxe6 9. Nxe6 fxe6 10. Qe2 Qd5 11.
f3 Nf6 12. Nc3 Qd7 13. O-O O-O-O 14. Re1 Qd4+ 15. Be3 Qe5 16. Bf2 Qxe2 17. Rxe2 Nd5 18. Nxd5 Rxd5 19. Rxe6 c4 20. d4 Kd7 21. Re4 e6 22. Rae1 Rg6 23. Rf4 Ke8 24. Rfe4 Kd7 25. b3 Ra5 26. a4 cxb3 27. cxb3 b5 28. Re5 Bb4 29. Rb1 bxa4 30. Rxa5 Bxa5 31. bxa4 Kc7 32. Bg3+ Rxg3 33. hxg3 Bb6 34. Kf2 Bxd4+ 35. Ke2 Kd6 36.
Rh1 Kd5 37. Rxh7 Kc4 38. g4 c5 39. g5 Kb3 40. g6 c4 41. g7 Bxg7 42. Rxg7 c3 43.
Rc7 c2 44. Kd2 c1=Q+ 45. Kxc1 1-0

[Event "*** Titled Tuesday Blitz"]
[Site "Chess.com"]
[Date "2019.06.04"]
[Round "3"]
[White "TomsKantans"]
[Black "BilodeauA"]
[Result "1-0"]
[WhiteElo "2545"]
[BlackElo "2912"]
[TimeControl "180+2"]
[EndTime "13:36:38 PDT"]
[Termination "TomsKantans won by resignation"]

1. e4 Nc6 2. Nf3 e5 3. d4 exd4 4. Nxd4 Bc5 5. Nb3 Bb6 6. Nc3 Nf6 7. Bg5 h6 8. Bh4 O-O 9. Qe2 a5 10. O-O-O a4 11. Nd2 Nd4 12. Qd3 d6 13. Nd5 g5 14.
Nxb6 cxb6 15. Bg3 Nc6 16. Bxd6 Re8 17. h4 g4 18. f3 Be6 19. a3 Rc8 20. Nc4 Bxc4 21.
Qxc4 Nd7 22. Qxa4 Qf6 23. f4 Nc5 24. Bxc5 Qxf4+ 25. Kb1 bxc5 26. Bc4 Ne5 27. Bd5 Qf6 28. Rhf1 Qxh4 29. Rf5 Re7 30. Rdf1 Rf8 31. Qb5 Rc8 32. Qb6 Rcc7 33. Qd6 Rcd7 34. Qb8+ Kg7 35. Rxe5 Qh2 36. Rg5+ 1-0

[Event "*** Titled Tuesday Blitz"]
[Site "Chess.com"]
[Date "2019.06.04"]
[Round "3"]
[White "Rumpel-VK"]
[Black "oskariot"]
[Result "1-0"]
[WhiteElo "2504"]
[BlackElo "2554"]
[TimeControl "180+2"]
[EndTime "13:36:39 PDT"]
[Termination "Rumpel-VK won by resignation"]

1. d4 g6 2. c4 Bg7 3. e4 d6 4. Nc3 e5 5. d5 Ne7 6. h4 h6 7. h5 Nd7 8. hxg6 fxg6 9. Be3 Nf6 10. f3 h5 11. Qd2 O-O 12. Bd3 c6 13. Nh3 cxd5 14. cxd5 Nh7 15. Ng5 Nxg5 16. Bxg5 Bf6 17. Bxf6 Rxf6 18. Qg5 Kf7 19. g4 Rxf3 20. gxh5 Qb6 21.
hxg6+ Kg8 22. Rh8+ Kxh8 23. Qh5+ Kg8 24. Qh7+ Kf8 25.
g7+ Ke8 26. Qh5+ Rf7 27. Bb5+ Bd7 28. Bxd7+ Kxd7 29. Qxf7 Qe3+ 30. Ne2 Rg8 31. Qe6+ Ke8 32. Rc1 Kd8 33. Rc8+ Nxc8 34. Qxg8+ Kc7 35. Qf7+ Kb6 36. g8=Q Qxe4 1-0

[Event "*** Titled Tuesday Blitz"]
[Site "Chess.com"]
[Date "2019.06.04"]
[Round "3"]
[White "JozefKneht"]
[Black "bugsbunny444"]
[Result "1-0"]
[WhiteElo "2521"]
[BlackElo "2495"]
[TimeControl "180+2"]
[EndTime "13:36:39 PDT"]
[Termination "JozefKneht won by resignation"]

1. e4 e6 2. d4 d5 3. Nc3 Nf6 4.
Bg5 Bb4 5. e5 h6 6. Bd2 Bxc3 7.
bxc3 Ne4 8. Qg4 g6 9. Bd3 Nxd2 10. Kxd2 c5 11. h4 Nc6 12. Rh3 cxd4 13. cxd4 Qb6 14. Ne2 Qb4+ 15. Kd1 Nxe5 16. Qf4 Nxd3 17. Rxd3 Qe7 18.
Rc3 g5 19. Qe5 f6 20. Qh2 Bd7 21. Rc7 b6 22. a4 O-O 23. hxg5 hxg5 24. Kd2 Kg7 25.
a5 bxa5 26. Rxa5 Rh8 27. Qg3 a6 28. Rac5 Rac8 29. Qc3 Rxc7 30. Rxc7 Qd6 31. Qc5 Qxc5 32. Rxd7+ Kg6 33. dxc5 Rc8 34. Rd6 e5 35. c6 Kf7 36.
Nc3 d4 37. Ne4 Ke7 38. g4 a5 39. Rxf6 a4 40. Rh6 a3 41. Rh7+ Ke6 42. Ra7 Kd5 43.
f3 Rxc6 44. Rxa3 1-0

[Event "*** Titled Tuesday Blitz"]
[Site "Chess.com"]
[Date "2019.06.04"]
[Round "3"]
[White "Raja3401"]
[Black "chessking2151"]
[Result "1-0"]
[WhiteElo "2734"]
[BlackElo "2568"]
[TimeControl "180+2"]
[EndTime "13:36:39 PDT"]
[Termination "Raja3401 won by resignation"]

1. e4 e5 2. Nf3 Nc6 3. Bb5 a6 4. Ba4 Nf6 5. O-O Be7 6. d3 b5 7. Bb3 Bb7 8. Nc3 O-O 9. a4 Na5 10. Nxe5 Nxb3 11. cxb3 b4 12. Ne2 d5 13. exd5 Qxd5 14.
Nf3 Qd7 15. Ne5 Qf5 16. d4 Rad8 17. Ng3 Qc8 18. Be3 Rfe8 19. Qc2 Bd6 20. Rac1 Nd5 21. Nc4 Qg4 22. Qf5 Qh4 23. Bg5 g6 24. Bxh4 gxf5 25.
Bxd8 Rxd8 26. Nxf5 Bf8 27. Nce3 Nf4 28. Rxc7 Be4 29.
f3 Bd3 30. Rd1 Re8 31. Kf2 Bxf5 32. Nxf5 Re2+ 33. Kg3 Nh5+ 34. Kh4 Nf6 35. g4 Rxb2 36. Rc8 h5 37. g5 Nd5 38. Re1 Nf4 39. Ree8 Ng6+ 40.
Kg3 Rxb3 41. Rc7 Kh7 42. Rxf7+ Kg8 43. Nh6+ Kh8 44. Rexf8+ Nxf8 45. Rxf8+ Kg7 46. Rf7+ Kh8 47. g6 1-0

[Event "*** Titled Tuesday Blitz"]
[Site "Chess.com"]
[Date "2019.06.04"]
[Round "3"]
[White "Farrukh_Amonatov"]
[Black "Koksal06"]
[Result "1-0"]
[WhiteElo "2815"]
[BlackElo "2492"]
[TimeControl "180+2"]
[EndTime "13:36:41 PDT"]
[Termination "Farrukh_Amonatov won by checkmate"]

1. e4 e5 2. Nf3 Nc6 3. Bc4 Bc5 4. c3 Nf6 5. d3 O-O 6. O-O d6 7. h3 Bb6 8. a4 a6 9. Re1 Be6 10. Nbd2 Qd7 11. Bxe6 Qxe6 12. Nc4 Ba7 13. b4 Rfe8 14. Bg5 h6 15. Be3 Bxe3 16. Nxe3 d5 17. b5 axb5 18.
axb5 Na5 19. exd5 Nxd5 20. Nxd5 Qxd5 21. c4 Qd6 22. Qc2 b6 23. Qc3 f6 24. d4 exd4 25.
Nxd4 Qc5 26. Ne6 Qxc4 27. Qf3 Rac8 28. Re4 Qxb5 29. Rae1 Re7 30. Rg4 Rce8 31. Qxf6 Kh8 32. Rxg7 Rxe6 33. Rxe6 Rxe6 34. Qf8# 1-0

[Event "*** Titled Tuesday Blitz"]
[Site "Chess.com"]
[Date "2019.06.04"]
[Round "3"]
[White "TBergh98"]
[Black "MarcoRiehle"]
[Result "0-1"]
[WhiteElo "2418"]
[BlackElo "2537"]
[TimeControl "180+2"]
[EndTime "13:36:42 PDT"]
[Termination "MarcoRiehle won by resignation"]

1. d4 d5 2. Nf3 e6 3. Bf4 Bd6 4. Bg3 c5 5. c3 Nc6 6. e3 Nf6 7. Nbd2 O-O 8. Bd3 Re8 9. Ne5 Bxe5 10. Bxe5 Nxe5 11. dxe5 Nd7 12. f4 c4 13. Bc2 Qb6 14.
Kf2 Qxb2 15. Nf3 Nf8 16. Qd2 Qb6 17. Nd4 Bd7 18. a4 Qc7 19. h4 f6 20. exf6 gxf6 21. Rh3 e5 22. Rg3+ Kh8 23. Nf3 Bc6 24. fxe5 fxe5 25. e4 dxe4 26. Qg5 Ng6 27. Nh2 Qb6+ 28. Ke1 Rf8 29. Qe3 Qxe3+ 30. Rxe3 Nxh4 31. Rg3 Rg8 32. Rh3 Nxg2+ 33. Kd2 e3+ 34. Kc1 e4 35.
Kb2 e2 36. a5 e1=Q 37. Rxe1 Nxe1 38. Bb1 Nd3+ 39. Ka3 Rg1 40. Bxd3 exd3 0-1

[Event "*** Titled Tuesday Blitz"]
[Site "Chess.com"]
[Date "2019.06.04"]
[Round "3"]
[White "Michael_Scofield01"]
[Black "MatthewG-p4p"]
[Result "1-0"]
[WhiteElo "2736"]
[BlackElo "2784"]
[TimeControl "180+2"]
[EndTime "13:36:42 PDT"]
[Termination "Michael_Scofield01 won by resignation"]

1. e4 e6 2. d4 d5 3. Nd2 a6 4. Ngf3 Nf6 5. Bd3 c5 6. dxc5 Bxc5 7. O-O O-O 8. exd5 Qxd5 9. Qe2 Nc6 10. Ne4 Be7 11.
Nxf6+ Bxf6 12. Be4 Qh5 13. c3 e5 14. Be3 Be6 15.
Rfd1 Rac8 16. Rd2 Be7 17. Bd5 Bf5 18. Rad1 b5 19. Bxc6 Rxc6 20. Nxe5 Qxe2 21. Nxc6 Qxd1+ 22. Rxd1 Bf6 23. Bd4 Bg5 24. f4 Be4 25. fxg5 Bxc6 26.
Bc5 Rc8 27. Rd6 a5 28. Kf2 a4 29. Bd4 Kf8 30. Bc5 Ke8 31. Rd2 Bd7 32. Bd4 Be6 33. Bxg7 Bxa2 34. Bf6 Be6 35. Kg3 Bd7 36. Kh4 Rc4+ 37.
Kh5 b4 38. cxb4 Rxb4 39. g3 Rb8 40. Kh6 Bf5 41. Kg7 Ra8 42. h4 Rc8 43. Re2+ 1-0

[Event "*** Titled Tuesday Blitz"]
[Site "Chess.com"]
[Date "2019.06.04"]
[Round "3"]
[White "Chesska7"]
[Black "Rhinos1"]
[Result "1-0"]
[WhiteElo "2081"]
[BlackElo "2079"]
[TimeControl "180+2"]
[EndTime "13:36:43 PDT"]
[Termination "Chesska7 won by resignation"]

1. b3 f5 2. Bb2 Nf6 3. Nf3 d6 4. d4 g6 5. c4 Bg7 6. e3 O-O 7. g3 Nbd7 8. Bg2 c6 9. O-O Qe8 10. d5 a5 11. Nd4 Ne4 12. Qc2 Ndf6 13. Nc3 c5 14. Ndb5 Qd8 15. Nxe4 fxe4 16. Bxe4 Nxe4 17. Bxg7 Kxg7 18. Qxe4 Bf5 19. Qg2 Qd7 20. Rfe1 Bg4 21. f4 h5 22. Nc3 Rf7 23. Ne4 a4 24. Ng5 Rf6 25. h3 Bf5 26. e4 b5 27. exf5 bxc4 28.
bxc4 gxf5 29. Qe2 e5 30. fxe5 Rg6 31. h4 Re8 32. e6 Qe7 33. Reb1 Qf6 34. Qb2 Qe5 35.
Qxe5+ dxe5 36. Rb7+ Kg8 37. d6 Rexe6 38. Nxe6 Rxe6 39.
d7 Rd6 40. Rb8+ Kf7 41. d8=Q Rxd8 42. Rxd8 e4 43. Rd5 Kf6 44. Kf2 Ke6 45. Ke3 Kf6 46.
Rf1 Ke6 47. Rfxf5 1-0

[Event "*** Titled Tuesday Blitz"]
[Site "Chess.com"]
[Date "2019.06.04"]
[Round "3"]
[White "Swarnapuri"]
[Black "Msb2"]
[Result "0-1"]
[WhiteElo "2699"]
[BlackElo "2808"]
[TimeControl "180+2"]
[EndTime "13:36:46 PDT"]
[Termination "Msb2 won by resignation"]

1. d4 d5 2. Bf4 c5 3. e3 Nc6 4. c3 Qb6 5. Qb3 c4 6. Qc2 e5 7. dxe5 Bf5 8. Qc1 g5 9. Bg3 h5 10. h4 g4 11. Ne2 Bg7 12. Nd4 Nge7 13. Bf4 Nxe5 14. Nxf5 Nxf5 15. Na3 Ng6 16. Qc2 Nxf4 17.
exf4 Qf6 18. g3 O-O-O 19. Bg2 Rhe8+ 20. Kf1 Kb8 21. Rd1 Qe6 22. Kg1 d4 23. Kh2 d3 24.
Qa4 Qb6 25. Rd2 Re2 26. Rhd1 Rc8 27. Qd7 Nd6 28. Rxe2 dxe2 29. Re1 Rd8 30. Qe7 Re8 31. Qd7 Qc7 32. Qxc7+ Kxc7 33. f3 Re3 34. fxg4 hxg4 35.
Nc2 Re7 36. Kg1 b5 37. Kf2 Nf5 38. Rxe2 Rxe2+ 39. Kxe2 Nxg3+ 40. Kf2 Nf5 41. h5 Bh6 42. Be4 Ng7 43. Kg3 f5 44. Bd5 Nxh5+ 45. Kh4 Nxf4 46. Bf7 Kd6 47. Nd4 Ke5 48. Nxb5 Nd3 49. b3 a6 50. Na3 cxb3 51. axb3 Kf4 52. Bc4 Bg5+ 53. Kh5 g3 0-1

[Event "*** Titled Tuesday Blitz"]
[Site "Chess.com"]
[Date "2019.06.04"]
[Round "3"]
[White "dcremisi"]
[Black "marianokar"]
[Result "1-0"]
[WhiteElo "2260"]
[BlackElo "2426"]
[TimeControl "180+2"]
[EndTime "13:36:46 PDT"]
[Termination "dcremisi won by resignation"]

1. d4 Nf6 2. c4 e6 3. Nf3 d5 4. Nc3 Bb4 5. cxd5 exd5 6. Bg5 Nbd7 7. Nd2 c6 8. Rc1 O-O 9. e3 Re8 10. Bd3 h6 11. Bh4 a5 12. O-O Bf8 13. e4 dxe4 14.
Ndxe4 Be7 15. Qf3 Nb6 16. Nxf6+ Bxf6 17. Bxf6 Qxf6 18. Qxf6 gxf6 19. Ne4 Nd5 20. Rfe1 Kg7 21. Nd6 Rxe1+ 22. Rxe1 Be6 23. Nxb7 Nb4 24. Bb1 Nxa2 25.
Rxe6 fxe6 26. Bxa2 Rb8 27. Nxa5 Rxb2 28. Bc4 Rb1+ 29.
Bf1 Rc1 30. g3 c5 31. Nb3 Rc3 32. Nxc5 Kf7 33. Kg2 Ke7 34. Ne4 Rc1 35. Be2 Ra1 36. Nc5 Rc1 37. Kf3 Rc3+ 38. Ke4 e5 39. Nd3 Rc4 40.
Nxe5 Rc2 41. Kd3 Ra2 42. Ng4 h5 43. Ne3 h4 44. Nf5+ 1-0

[Event "*** Titled Tuesday Blitz"]
[Site "Chess.com"]
[Date "2019.06.04"]
[Round "3"]
[White "Kawhi_Leonard2"]
[Black "Jbd735"]
[Result "1/2-1/2"]
[WhiteElo "2237"]
[BlackElo "2433"]
[TimeControl "180+2"]
[EndTime "13:36:47 PDT"]
[Termination "Game drawn by repetition"]

1. e4 e5 2. Nf3 Nc6 3. Bb5 a6 4.
Bxc6 dxc6 5. O-O f6 6. d4 exd4 7. Nxd4 c5 8. Ne2 Qxd1 9. Rxd1 Bd7 10. Nbc3 O-O-O 11. f3 Bd6 12. Bf4 Bc6 13. Nd5 Bxd5 14. Rxd5 Ne7 15. Rdd1 Ng6 16. Bxd6 cxd6 17. c4 Ne5 18. b3 Nc6 19. Rd2 b5 20. cxb5 axb5 21. Rad1 Kc7 22. Nc3 Nd4 23. Kf2 Kc6 24. Ne2 Nxe2 25. Kxe2 Rd7 26. h4 Ra8 27. h5 h6 28.
Ke3 Ra6 29. Kf4 Kc7 30. Kf5 Re7 31. f4 b4 32. g4 Rc6 33. Rc2 Kd7 34. Rd5 Ke8 35.
e5 fxe5 36. fxe5 dxe5 37. Rxe5 Rxe5+ 38. Kxe5 Kd7 39. Rc4 Kc7 40. Kd5 Kb6 41. Rf4 Rc7 42. Rf8 Rd7+ 43. Ke4 Ra7 44. Rb8+ Kc6 45. Rc8+ Kb5 46.
Rb8+ Kc6 47. Rc8+ Kb5 48. Rb8+ Kc6 1/2-1/2

[Event "*** Titled Tuesday Blitz"]
[Site "Chess.com"]
[Date "2019.06.04"]
[Round "3"]
[White "Angry_Twin"]
[Black "kleinebeer98"]
[Result "1-0"]
[WhiteElo "2804"]
[BlackElo "2698"]
[TimeControl "180+2"]
[EndTime "13:36:50 PDT"]
[Termination "Angry_Twin won on time"]

1. e4 e5 2. Nf3 Nc6 3. Bc4 Nf6 4. d3 h6 5. O-O d6 6. a4 a6 7. c3 g5 8. Re1 g4 9. Nfd2 h5 10. Nf1 Bh6 11. Na3 Qe7 12. b4 Be6 13. Bxe6 fxe6 14. Nc4 h4 15. Bxh6 Rxh6 16. b5 axb5 17. axb5 Rxa1 18.
Qxa1 Nd8 19. d4 Nd7 20. Qc1 Qg7 21. dxe5 Nxe5 22. Nxe5 dxe5 23. Rd1 Nf7 24. Qa3 g3 25. Qa8+ Ke7 26. Qxb7 gxf2+ 27. Kxf2 Qg4 28. Qxc7+ Kf8 29. Rd3 h3 30. Rxh3 Rxh3 31. gxh3 Qf4+ 32. Ke2 Ng5 33. Qc5+ Kg8 34. Qe3 Qh4 35. b6 Qh5+ 36. Kd2 Qg6 37. b7 Nxe4+ 38. Kc1 Qe8 39. Qxe4 Qb5 40.
Qg6+ Kh8 41. Qh6+ Kg8 42. Qxe6+ Kh8 43. Qc8+ Kh7 44. Nd2 Qa5 45. b8=Q Qa3+ 46. Qb2 Qe7 47. Qf5+ Kh8 48. c4 1-0

[Event "*** Titled Tuesday Blitz"]
[Site "Chess.com"]
[Date "2019.06.04"]
[Round "3"]
[White "SloLev"]
[Black "johnathan113"]
[Result "0-1"]
[WhiteElo "2490"]
[BlackElo "2748"]
[TimeControl "180+2"]
[EndTime "13:36:50 PDT"]
[Termination "johnathan113 won by resignation"]

1. d4 Nf6 2. Bf4 g6 3. Nc3 Bg7 4. e4 d5 5. f3 dxe4 6. fxe4 O-O 7. Nf3 c5 8. d5 b5 9. e5 Nh5 10. Be3 Bg4 11. Bxc5 Nd7 12. Bd4 Nxe5 13. Bxb5 Bxf3 14.
gxf3 Nf4 15. Be2 Rb8 16. Qd2 Nxe2 17. Qxe2 Nxf3+ 18. Qxf3 Bxd4 19. O-O-O Bg7 20. h4 Qa5 21. h5 Rxb2 22. Kxb2 Rb8+ 23. Kc1 Bxc3 24. Rd3 Bg7 25. Rb3 Rc8 26. hxg6 hxg6 27. a3 Qc5 28. Qd3 a5 29. Rf1 a4 30. Rb4 Qd6 31. Rxa4 Qe5 32. Kd2 Rb8 33. Rc4 Bh6+ 34. Rcf4 Bxf4+ 35. Rxf4 Qxf4+ 36. Kc3 Rc8+ 37. Kb3 Qd6 38. c4 Rb8+ 39. Kc2 Qc5 40. Qc3 Rc8 41. Kd3 e6 42. dxe6 Qd6+ 43. Kc2 Qxe6 44.
Kb3 Qb6+ 45. Ka2 Qc5 46. Qd3 Qxc4+ 0-1

[Event "*** Titled Tuesday Blitz"]
[Site "Chess.com"]
[Date "2019.06.04"]
[Round "3"]
[White "ulises2013"]
[Black "Tjktiger"]
[Result "1-0"]
[WhiteElo "2600"]
[BlackElo "2708"]
[TimeControl "180+2"]
[EndTime "13:36:51 PDT"]
[Termination "ulises2013 won by resignation"]

1. e4 d6 2. g3 Nf6 3. Bg2 c5 4. Ne2 g6 5. O-O Bg7 6. c3 O-O 7. d4 Nc6 8. h3 cxd4 9. cxd4 e5 10. Be3 d5 11. Nbc3 dxe4 12. d5 Ne7 13. d6 Nf5 14.
Bc5 Nd7 15. Ba3 e3 16. Nd5 exf2+ 17. Rxf2 Kh8 18. Qb3 Nb6 19. Nxb6 axb6 20. Rd1 Be6 21. Bd5 Bxd5 22. Rxd5 Ra5 23. g4 Qg5 24. Rxa5 bxa5 25. d7 Rd8 26. Qxf7 h5 27. Kh1 Qh4 28. gxf5 Qxh3+ 29. Kg1 Qg4+ 30. Rg2 Qh4 31. Qe8+ Kh7 32. Qxg6+ 1-0

[Event "*** Titled Tuesday Blitz"]
[Site "Chess.com"]
[Date "2019.06.04"]
[Round "3"]
[White "Babas"]
[Black "VerdeNotte"]
[Result "0-1"]
[WhiteElo "2379"]
[BlackElo "2784"]
[TimeControl "180+2"]
[EndTime "13:36:51 PDT"]
[Termination "VerdeNotte won by resignation"]

1. e4 g6 2. d4 Nf6 3. Nc3 d5 4. exd5 Nxd5 5. Bc4 Nxc3 6. Qf3 e6 7. bxc3 Bg7 8. Ne2 O-O 9. O-O Nd7 10. Qg3 Nb6 11. Bd3 Nd5 12. Bd2 Qd6 13. c4 Qxg3 14. hxg3 Ne7 15. c3 b6 16. Be4 c6 17. Bg5 f6 18. Bc1 Ba6 19. Ba3 Kf7 20. Bd3 Rfe8 21. Rfe1 Bh6 22. Bb4 Rac8 23. Nf4 c5 24. dxc5 bxc5 25.
Ba3 e5 26. Ne2 Red8 27. Red1 Rxd3 28. Rxd3 Bxc4 29. Rad1 Bxd3 30. Rxd3 Ke6 31. c4 Nf5 32. Rd5 Nd6 33. Rxc5 Rxc5 34. Bxc5 a6 35. Nc3 Nxc4 36. Kf1 Bd2 37. Na4 Kd5 38. Be7 f5 39. Ke2 Ba5 40.
f3 e4 41. g4 Kc6 42. gxf5 gxf5 43. g4 exf3+ 44. Kxf3 fxg4+ 45. Kxg4 Kb5 46. Nc5 Bb4 47.
Nxa6 Bxe7 48. Nc7+ Kc6 49. Ne6 Ne5+ 50. Kf5 Nf7 51.
Nd4+ Kd5 52. Nf3 Nd6+ 53. Kg4 Ke6 54. Ng5+ Bxg5 55. Kxg5 Kf7 56. Kh6 Kg8 57. a4 Nc4 58.
Kh5 Kg7 59. Kg5 h6+ 60. Kh5 Kh7 61. Kh4 Kg6 62. Kg4 h5+ 63. Kh4 Kh6 64. Kh3 Kg5 65. Kg3 h4+ 66. Kf3 Kf5 67. Ke2 Kg4 68. Kd3 h3 69. Kxc4 h2 0-1

[Event "*** Titled Tuesday Blitz"]
[Site "Chess.com"]
[Date "2019.06.04"]
[Round "3"]
[White "ChessWeebs"]
[Black "volcanoexplorer"]
[Result "1-0"]
[WhiteElo "2774"]
[BlackElo "2592"]
[TimeControl "180+2"]
[EndTime "13:36:52 PDT"]
[Termination "ChessWeebs won by resignation"]

1. d4 Nf6 2. Nf3 e6 3. Bf4 d6 4. e3 g6 5. h3 Bg7 6. c4 b6 7. Nc3 Bb7 8. d5 e5 9. Bg5 h6 10. Bh4 Nbd7 11. e4 a6 12. g4 g5 13. Bg3 Nc5 14. Nd2 h5 15. Qf3 Bc8 16. gxh5 Nxh5 17. O-O-O Qe7 18. Be2 Nf4 19. Bxf4 exf4 20. Qg2 Bxc3 21.
bxc3 Qe5 22. Kc2 Na4 23. Nb1 Bd7 24. Rd4 Rh4 25. Nd2 g4 26. hxg4 Rxh1 27. Qxh1 O-O-O 28. Nb3 Rh8 29. Qg2 Rh4 30. Nd2 Qh8 31. Nf1 Rh3 32. f3 b5 33. cxb5 axb5 34. Qf2 Nc5 35. Rb4 Rh1 36. Bxb5 Bxb5 37. Rxb5 Qh3 38. Rb1 Nd7 39.
a4 Ne5 40. a5 Nxf3 41. a6 Qh7 42. Qxf3 Rh3 43. Qxf4 1-0

[Event "*** Titled Tuesday Blitz"]
[Site "Chess.com"]
[Date "2019.06.04"]
[Round "3"]
[White "Chebure"]
[Black "Poghosyan_Suren"]
[Result "0-1"]
[WhiteElo "2796"]
[BlackElo "2566"]
[TimeControl "180+2"]
[EndTime "13:36:54 PDT"]
[Termination "Poghosyan_Suren won on time"]

1. e4 e6 2. Nf3 d5 3. e5 c5 4. b4 cxb4 5. a3 d4 6. axb4 Bxb4 7.
Bd3 Nc6 8. O-O Nge7 9. Ba3 Ng6 10.
Be4 Bxa3 11. Bxc6+ bxc6 12. Nxa3 O-O 13. d3 Qd5 14.
Nc4 c5 15. Re1 Bb7 16. Ra5 f6 17. Qd2 fxe5 18. Ncxe5 Rf5 19. Nxg6 hxg6 20. Qe2 e5 21.
Qf1 Rxf3 22. gxf3 Qxf3 23. Re4 Bxe4 24. dxe4 Qg4+ 25. Qg2 Qd1+ 26. Qf1 Qxc2 27. f3 d3 28. Qh3 Qd1+ 29. Kg2 Qd2+ 30. Kg3 Qf4+ 31. Kg2 d2 32. Ra1 Rd8 33. Rd1 c4 34. Qe6+ Qf7 35. Qxe5 Rd3 36. f4 c3 0-1

[Event "*** Titled Tuesday Blitz"]
[Site "Chess.com"]
[Date "2019.06.04"]
[Round "3"]
[White "ozates"]
[Black "CzechmVIII"]
[Result "1/2-1/2"]
[WhiteElo "2215"]
[BlackElo "2099"]
[TimeControl "180+2"]
[EndTime "13:36:58 PDT"]
[Termination "Game drawn - insufficient material"]

1. e4 c5 2. Nf3 d6 3. Bb5+ Nd7 4. O-O a6 5. Bc4 e6 6. c3 b5 7. Bb3 c4 8. Bc2 Ngf6 9. Re1 Be7 10. d4 cxd3 11.
Bxd3 O-O 12. a4 bxa4 13. Bc2 Nc5 14. Nd4 Bb7 15. Nd2 Qc7 16. Qf3 d5 17. e5 Nfd7 18.
Qg3 Ne4 19. Nxe4 dxe4 20. Bxe4 Bxe4 21. Rxe4 Rfd8 22. Bh6 Bf8 23. Rae1 a3 24. bxa3 Rac8 25. Bxg7 Bxg7 26. Rg4 Qxc3 27. Rxg7+ Kh8 28. Qxc3 Rxc3 29. Rxf7 Nxe5 30. Ne2 Rc2 31. Ra7 Rxe2 32. Kf1 Rxe1+ 33. Kxe1 Rd6 34. Ke2 Nc4 35. a4 Nb2 36. Ke3 Nxa4 37. Ke4 Nc5+ 38. Ke5 Rb6 39. Kf6 e5+ 40. Kxe5 Nd3+ 41.
Kd4 Nxf2 42. h4 Rg6 43. Ke3 Ng4+ 44. Kf4 Nh2 45. h5 Rxg2 46. h6 Rg6 47. Ra8+ Rg8 48. Rxa6 Ng4 49. Kf5 Nxh6+ 50. Rxh6 Rg6 51. Rxg6 hxg6+ 52. Kxg6 1/2-1/2

[Event "*** Titled Tuesday Blitz"]
[Site "Chess.com"]
[Date "2019.06.04"]
[Round "3"]
[White "albi1999"]
[Black "RitvarsReimanis"]
[Result "1-0"]
[WhiteElo "2454"]
[BlackElo "2634"]
[TimeControl "180+2"]
[EndTime "13:36:59 PDT"]
[Termination "albi1999 won by resignation"]

1. d4 Nf6 2. c4 e6 3. Nf3 d5 4. g3 Be7 5. Bg2 O-O 6. Qc2 b6 7. cxd5 exd5 8. O-O Bb7 9. Nc3 c6 10. e4 Nxe4 11. Nxe4 dxe4 12. Qxe4 Nd7 13. Rd1 Nf6 14.
Qc2 Nd5 15. Ne5 Rc8 16. Qb3 Bf6 17. Ng4 Be7 18. Ne3 Nxe3 19. Bxe3 Bf6 20. Rac1 Qd7 21. Qa4 b5 22. Qc2 a6 23. h4 Qd6 24. Bf4 Qb4 25.
h5 Ba8 26. Be4 Bxd4 27. Bxh7+ Kh8 28. Bf5 Rcd8 29. b3 Bf6 30. Rxd8 Rxd8 31. Rd1 Qe7 32. Rxd8+ Qxd8 33. Qc5 Qe7 34. Qxe7 Bxe7 35. Be4 Bb7 36. g4 Bc8 37. g5 c5 38. Bd5 Be6 39. Bxe6 fxe6 40.
Kf1 e5 41. Be3 Kg8 42. Ke2 Kf7 43. Kd3 Ke6 44. Ke4 c4 45. bxc4 bxc4 46. Bd2 a5 47. h6 gxh6 48. gxh6 a4 49. h7 Bf6 50. Bc3 Kf7 51.
f4 Kg7 52. Bxe5 Bxe5 53. fxe5 Kxh7 54. Kd4 Kg6 55. Kxc4 Kf7 56. Kb4 Ke6 57. Kxa4 Kxe5 58. Kb5 Kd6 59. Kb6 Kd7 60. Kb7 Kd6 61. a4 Kc5 62. a5 Kb5 63. a6 1-0